 Dungeon Crawl Stone Soup version 0.31-a0-435-g2c6fae2916 (webtiles) character file.

Game seed: 15605064789811593477

2905 bjtr the Geomancer (level 9, -1/52 HPs)
             Began as a Gargoyle Earth Elementalist on Aug 1, 2023.
             Was an Initiate of Vehumet.
             Slain by a death yak (7 damage)
             ... on level 8 of the Dungeon on Aug 2, 2023.
             The game lasted 00:36:37 (9038 turns).

bjtr the Geomancer (Gargoyle Earth Elementalist)    Turns: 9038, Time: 00:36:38

Health: -1/52      AC: 18    Str: 11    XL:     9   Next: 78%
Magic:  17/20      EV: 12    Int: 21    God:    Vehumet [......]
Gold:   445        SH:  0    Dex: 10    Spells: 7/22 levels left

rFire   + . .        B - +3 morningstar (holy)
rCold   . . .        (no shield)
rNeg    + . .        q - +1 robe {rF+}
rPois   ∞            (no helmet)
rElec   +            K - +2 cloak {Will+}
rCorr   .            x - +0 pair of gloves
SInv    .            (no boots)
Will    ++...        (no amulet)
Stlth   ++           o - +4 ring of protection
HPRegen 0.28/turn    J - ring of willpower
MPRegen 0.17/turn

%: no passive effects
@: sluggish, very slow
A: sickness immunity, AC +6, negative energy resistance 1, electricity
resistance, torment resistance 1, petrification resistance
a: Renounce Religion


You were on level 8 of the Dungeon.
You worshipped Vehumet.
Vehumet was noncommittal.
You visited 2 branches of the dungeon, and saw 10 of its levels.

You collected 459 gold pieces.
You spent 14 gold pieces at shops.

Inventory:

Hand Weapons
 e - a +0 short sword
 n - a +0 sling
 y - a +3 hand axe
 B - a +3 morningstar of holy wrath (weapon)
 L - a +2 quarterstaff of chaos
 N - a +0 flail of draining
 O - a +1 orcbow of flaming
Missiles
 a - 12 poisoned darts (quivered)
Armour
 j - a +0 leather armour
 q - a +1 robe of fire resistance (worn)
 x - a +0 pair of gloves (worn)
 K - a +2 cloak of willpower (worn)
Jewellery
 o - a +4 ring of protection (left hand)
 r - a ring of flight
 J - a ring of willpower (right hand)
Wands
 d - a wand of polymorph (6)
 f - a wand of charming (11)
 t - a wand of flame (46)
 v - a wand of roots (1)
 z - a wand of mindburst (5)
 A - a wand of quicksilver (14)
 P - a wand of digging (5)
Scrolls
 g - 3 scrolls of vulnerability
 i - 2 scrolls of teleportation
 l - 5 scrolls of identify
 m - 2 scrolls of brand weapon {unknown}
 p - 2 scrolls of immolation
 u - 2 scrolls of enchant weapon
 w - 2 scrolls of fog
 D - 2 scrolls of poison
 E - a scroll of enchant armour {unknown}
 G - a scroll of silence {unknown}
 H - a scroll of torment {unknown}
 I - a scroll of fear {unknown}
 Q - a scroll of revelation
Potions
 c - 7 potions of curing
 h - a potion of berserk rage
 s - 2 potions of might
 C - 2 potions of brilliance
 F - a potion of lignification
 M - a potion of attraction


   Skills:
 * Level 4.4 Fighting
 * Level 4.6 Armour
 + Level 2.5 Dodging
 + Level 3.0 Stealth
 * Level 4.4 Shields
 * Level 7.4 Spellcasting
 + Level 1.1 Conjurations
 - Level 0.7 Transmutations
 * Level 8.7 Earth Magic


You had 7 spell levels left.
You knew the following spells:

 Your Spells              Type           Power      Damage    Failure   Level
a - Sandblast             Erth           88%        2d18      1%          1
b - Passwall              Tmut/Erth      22%        N/A       1%          2
c - Stone Arrow           Conj/Erth      56%        3d10      3%          3
d - Petrify               Tmut/Erth      27%        N/A       12%         4
e - Searing Ray           Conj           24%        2d5       8%          2
f - Swiftness             Air            7%         N/A       26%         3

Your spell library contained the following spells:

 Spells                   Type           Power      Damage    Failure   Level
 Magic Dart               Conj           48%        1d5       5%          1
 Necrotise                Necr           28%        1d5       9%          1
 Ensorcelled Hibernation  Hex/Ice        14%        N/A       13%         2
 Dazzling Flash           Conj/Hex       20%        N/A       21%         3
 Vampiric Draining        Necr           7%         2d6       26%         3
 Fulminant Prism          Conj/Hex       5%         3d7       54%         4
 Anguish                  Hex/Necr       3%         N/A       63%         4
 Animate Dead             Necr           7%         N/A       63%         4
 Irradiate                Conj/Tmut      5%         3d13      85%         5
 Agony                    Necr           7%         N/A       93%         5
 Silence                  Hex/Air        3%         N/A       93%         5
 Haunt                    Necr/Summ      3%         N/A       100%        7
 Infestation              Necr           3%         N/A       100%        8
 Sublimation of Blood     Necr           Unusable   N/A       N/A         2

Dungeon Overview and Level Annotations

Branches:
Dungeon (9/15)             Temple (1/1) D:7            Lair (0/5) D:8
    Orc: D:9-12

Altars:
Ashenzari
Cheibriados
Dithmenos
Elyvilon
Fedhas
Gozag
Hepliaklqana
Kikubaaqudgha
Makhleb
Nemelex Xobeh
Okawaru
Qazlal
Ru
Sif Muna
Trog
Uskayaw
Vehumet
Wu Jian
Xom
Yredelemnul
Zin
The Shining One

Shops:
D:2 *   D:7 =

Annotations:
D:8 2 transporters, bahustanut's ghost, novice OpFi


Innate Abilities, Weirdness & Mutations

You are immune to sickness and miasma.
Your stone body is resilient. (AC +6)
You are immune to poison.
You resist negative energy. (rN+)
You are resistant to electric shocks. (rElec)
You are resistant to unholy torment.
You are immune to petrification.


Message History

Okay, then.
Unknown command.
Casting: Stone Arrow (dangerous; 3% risk of failure)
Confirm with . or Enter, or press ? or * to list all spells.
You feel quick.
The orc warrior hits you with a +0 short sword!
* * * LOW HITPOINT WARNING * * *
Your magical contamination has completely faded away.
Casting: Swiftness (dangerous; 26% risk of failure)
Confirm with . or Enter, or press ? or * to list all spells.
You don't have enough magic to cast this spell.
Unknown command.
You start to feel a little slower.
Casting: Swiftness (dangerous; 26% risk of failure)
Confirm with . or Enter, or press ? or * to list all spells.
Aiming: Passwall (safe; 1% risk of failure)
Press: ? - help, Dir - move target, p - orc warrior A rock wall.
You begin to meditate on the wall.
You continue meditating on the rock.
You feel sluggish.
You continue meditating on the rock.
You finish merging with the rock.
The death yak bellows! x2
Casting: Passwall (safe; 1% risk of failure)
Confirm with . or Enter, or press ? or * to list all spells.
You don't have enough magic to cast this spell.
Magic courses through your body.
You start to feel a little faster.
Casting: Passwall (safe; 1% risk of failure)
Confirm with . or Enter, or press ? or * to list all spells.
Aiming: Passwall (safe; 1% risk of failure)
Press: ? - help, Dir - move target A rock wall.
The death yak gores you!
* * * LOW HITPOINT WARNING * * *
You begin to meditate on the wall.
You continue meditating on the rock.
The death yak barely misses you.
You continue meditating on the rock.
The death yak gores you!
You die...

#.##.....# #.###....#.#....###
#.##.###.# #.......##.##......
#.##.# #.###.......#...#......
#.##.# #..........##...##.....
#.##.########.....#.....#.....
#.##.#............#.....#.....
#.##.#.######Y#.#..........#..
#.##.#.# #Y#.##.#.#######..
#.##.#.# #@#....#.# #..
#.##.#.######.#......#######..
#.#...........#...............
#.####.##########........###.#
#.# #......o...#.######.# #..
#.#############.#.#....#.# ###
#...............#.#.#..#.#
##############.o#.#.##.#.#####
#..#.#...........


You could see 2 death yaks.

Vanquished Creatures
  A death yak (D:7)
  A wraith (D:9)
  A steam dragon (D:7)
  Menkaure (D:7)
  2 water moccasins
  An orc warrior (D:8)
  3 black bears
  An ice beast (D:7)
  A centaur (D:7)
  A kobold brigand (D:7)
  2 bullfrogs
  2 scorpions
  4 killer bees
  A howler monkey (D:6)
  A crimson imp (D:3)
  A jelly (D:7)
  A gnoll bouda (D:7)
  Crazy Yiuf (D:7)
  5 hounds
  3 iguanas
  A sleepcap (D:5)
  Jessica (D:3)
  An orc wizard (D:4)
  7 gnolls
  5 adders
  4 white imps
  3 worms
  3 dart slugs
  15 orcs
  7 ball pythons
  6 endoplasms
  2 giant cockroaches
  7 goblins
  8 hobgoblins
  14 kobolds
  2 quokkas
  5 bats
  7 frilled lizards
  2 hobgoblin zombies (D:3)
  A kobold skeleton (D:3)
  2 kobold zombies (D:3)
  An orc skeleton (D:3)
  An orc zombie (D:3)
  7 rats
146 creatures vanquished.

Vanquished Creatures (others)
  A kobold (D:7)
1 creature vanquished.

Grand Total: 147 creatures vanquished

Notes
Turn   | Place    | Note
-------+----------+-------------------------------------------
     0 | D:1      | bjtr the Gargoyle Earth Elementalist began the quest for
                  | the Orb.
     0 | D:1      | Reached XP level 1. HP: 10/10 MP: 3/3
   133 | D:1      | Reached skill level 1 in Armour
   133 | D:1      | Reached XP level 2. HP: 15/15 MP: 3/5
   291 | D:1      | Reached skill level 4 in Earth Magic
   598 | D:1      | Learned a level 2 spell: Passwall
   851 | D:1      | Reached XP level 3. HP: 19/20 MP: 4/6
  1729 | D:2      | Found Comeasang's General Store.
  1743 | D:2      | Bought a scroll of noise for 14 gold pieces
  1809 | D:2      | Found a white marble altar of Elyvilon.
  2073 | D:3      | Reached XP level 4. HP: 24/24 MP: 4/7
  2209 | D:3      | Learned a level 3 spell: Stone Arrow
  2395 | D:3      | Found a faded altar of an unknown god.
  2545 | D:3      | Noticed Jessica
  2555 | D:3      | Killed Jessica
  2556 | D:3      | Reached skill level 1 in Fighting
  2556 | D:3      | Reached skill level 1 in Shields
  2650 | D:3      | Found a glowing golden altar of the Shining One.
  2663 | D:3      | Reached skill level 5 in Earth Magic
  2663 | D:3      | Reached XP level 5. HP: 29/29 MP: 0/9
  2894 | D:3      | Found an ancient bone altar of Kikubaaqudgha.
  2895 | D:3      | Found a sparkling altar of Nemelex Xobeh.
  3217 | D:4      | Learned a level 4 spell: Petrify
  3451 | D:4      | Reached XP level 6. HP: 34/34 MP: 6/11
  3710 | D:4      | Noticed a black bear
  3716 | D:4      | Killed a black bear
  3872 | D:4      | Noticed a water moccasin
  3880 | D:4      | Killed a water moccasin
  3881 | D:4      | Reached XP level 7. HP: 39/39 MP: 4/13
  4713 | D:5      | Entered Level 5 of the Dungeon
  4831 | D:5      | Reached skill level 6 in Earth Magic
  5520 | D:6      | Reached skill level 5 in Spellcasting
  5520 | D:6      | Reached XP level 8. HP: 41/45 MP: 12/15
  6000 | D:6      | Found a basalt altar of Yredelemnul.
  6238 | D:7      | Noticed Menkaure
  6241 | D:7      | Killed Menkaure
  6242 | D:7      | Reached skill level 7 in Earth Magic
  6463 | D:7      | Found a stormy altar of Qazlal.
  6554 | D:7      | Found a staircase to the Ecumenical Temple.
  6577 | Temple   | Entered the Ecumenical Temple
  6585 | Temple   | Became a worshipper of Vehumet
  6657 | D:7      | Reached XP level 9. HP: 17/51 MP: 6/18
  7089 | D:7      | Found an iron altar of Okawaru.
  7135 | D:7      | Found a runed translucent door.
  7136 | D:7      | Noticed Crazy Yiuf
  7144 | D:7      | Killed Crazy Yiuf
  7259 | D:7      | Reached skill level 8 in Earth Magic
  7283 | D:7      | Found Lin Qiusch's Jewellery Shoppe.
  7339 | D:8      | Learned a level 2 spell: Searing Ray
  7339 | D:8      | Noticed a death yak
  7340 | D:8      | Noticed a death yak
  7344 | D:7      | Upgraded the game from 0.31-a0-431-g88bdf31460 to
                  | 0.31-a0-435-g2c6fae2916
  7345 | D:8      | Noticed a death yak
  7345 | D:8      | Noticed a death yak
  7358 | D:7      | HP: 2/52 [death yak (6)]
  7394 | D:7      | Killed a death yak
  7395 | D:7      | Reached skill level 1 in Conjurations
  7645 | D:8      | Learned a level 3 spell: Swiftness
  7767 | D:8      | Found a transporter.
  7767 | D:8      | Found a transporter.
  7767 | D:8      | Noticed bahustanut's ghost (novice OpFi)
  7768 | D:8      | Noticed a gargoyle
  7836 | D:8      | Found a broken altar of Ashenzari.
  7872 | D:8      | Found a staircase to the Lair.
  7963 | D:8      | a floating eye changed into an eye of devastation
  7963 | D:8      | Noticed an eye of devastation (shapeshifter)
  7980 | D:8      | an eye of devastation changed into an anaconda
  7980 | D:8      | Noticed an anaconda (shapeshifter)
  8029 | D:8      | Noticed a death yak
  8242 | D:8      | Noticed a bunyip
  8501 | D:8      | Found a snail-covered altar of Cheibriados.
  8802 | D:8      | Noticed an eleionoma
  9038 | D:8      | Slain by a death yak

Illustrated notes

Levels and vault maps discovered:
D:1:      mushboom_english_gardens, layout_basic, minmay_surrounded
D:2:      layout_rooms, serial_shops, nicolae_shop_pleasant_corner_grove,
          basic_altar, grunt_ministairs_14, corner_web_ring,
          dreamdust_princess_bridge, minmay_hedge_maze, serial_bayou_pond_d
D:3:      layout_loops_corners, nicolae_tso_besieged_by_evil,
          nicolae_overflow_two_pavilions,
          hellmonk_ecumenical_altar_inner_sanctum, uniq_jessica
D:4:      layout_layer_cave
D:5:      layout_loops_ring
D:6:      layout_basic, lemuel_doored_altar, minmay_misc_feat_columns
D:7:      layout_rooms, nicolae_qazlal_general_emergency,
          mainiacjoe_overflow_six_doors_small, minmay_temple_entry_ruins,
          serial_shops, nicolae_diamond_shop, minmay_checkerbox, uniq_menkaure,
          uniq_crazy_yiuf_cottage
D:8:      layout_basic, nicolae_overflow_crystal_walls,
          nicolae_ashenzari_panopticon, dpeg_lair_monsters,
          gammafunk_ghost_arena, roderic_nine_men_s_morris,
          hangedman_decor_lopped
D:9:      layout_rooms, serial_rivers, chequers_serial_rivers_marsh,
          chequers_serial_rivers_room_b, chequers_serial_rivers_small_a,
          chequers_serial_rivers_marsh
Temple:   nicolae_temple_great_sept

Skill      XL: |  1  2  3  4  5  6  7  8  9 |
---------------+----------------------------+-----
Armour         | 1 2 3 4 |  4.6
Earth Magic    | 4 5 6 7 8 |  8.7
Fighting       | 1 2 3 4 |  4.4
Shields        | 1 2 3 4 |  4.4
Spellcasting   | 3 4 5 6 7 |  7.4
Dodging        | 2 |  2.5
Conjurations   | 1 |  1.1
Stealth        | 3 |  3.0
Transmutations | |  0.7

Action                     |  1- 3 |  4- 6 |  7- 9 || total
---------------------------+-------+-------+-------++-------
  Melee: Unarmed           |     1 |       |     5 ||     6
         Short sword       |    36 |    10 |       ||    46
         Hand axe          |       |     6 |    15 ||    21
         Morningstar       |       |       |    81 ||    81
         Punch             |       |       |     1 ||     1
  Throw: Dart              |       |       |     5 ||     5
   Cast: Sandblast         |    52 |    56 |    89 ||   197
         Passwall          |     1 |       |     4 ||     5
         Stone Arrow       |       |       |    23 ||    23
         Swiftness         |       |       |     1 ||     1
  Evoke: Wand              |       |       |     2 ||     2
    Use: Scroll            |     3 |       |    12 ||    15
         Potion            |       |       |     4 ||     4
   Stab: Sleeping          |     1 |     1 |     1 ||     3
 Armour: Robe              |     6 |    25 |   122 ||   153
         Leather armour    |     5 |       |       ||     5
         Skin              |       |       |     2 ||     2
  Dodge: Dodged            |    17 |    37 |   161 ||   215

Table legend: (Time is in decaauts)
 A = Elapsed time spent in this place.
 B = Non-inter-level travel time spent in this place.
 C = Inter-level travel time spent in this place.
 D = Time resting spent in this place.
 E = Time spent auto-exploring this place.
 F = Levels seen in this place.
 G = Mean time per level.
                   A        B        C        D        E       F      G
               +--------+--------+--------+--------+--------+-----+--------+
         Total |   9195 |   8905 |    290 |    961 |   5926 |  10 |  919.5 |
       Dungeon |   9162 |   8872 |    290 |    961 |   5926 |   9 | 1018.0 |
        Temple |     32 |     32 |      0 |      0 |      0 |   1 |   32.0 |
               +--------+--------+--------+--------+--------+-----+--------+

Top non-repeatable levels by time:
     D:7: 1402 daAuts
     D:4: 1395 daAuts
     D:8: 1369 daAuts
     D:1: 1361 daAuts
     D:3: 1287 daAuts
     D:5: 826 daAuts
     D:6: 750 daAuts
     D:2: 736 daAuts
     D:9: 33 daAuts
  Temple: 32 daAuts
